 Dungeon Crawl Stone Soup version 0.29.1-2-gbd0b4ee654 (webtiles) character file.

Game seed: 10651887690603023449

547 whiskeysaurus the Chopper (level 7, -7/66 HPs)
             Began as a Minotaur Berserker on Oct 26, 2022.
             Was a Believer of Trog.
             Killed from afar by Dowan (18 damage)
             ... with a shard of ice
             ... on level 4 of the Dungeon.
             The game lasted 00:13:42 (3405 turns).

whiskeysaurus the Chopper (Minotaur Berserker)      Turns: 3405, Time: 00:13:42

Health: -7/66      AC:  9    Str: 30    XL:     7   Next: 7%
Magic:  6/6        EV:  8    Int:  4    God:    Trog [**....]
Gold:   179        SH:  0    Dex:  9    Spells: 6/6 levels left

rFire   . . .      SeeInvis .   f - +0 war axe
rCold   . . .      Faith    .   (no shield)
rNeg    + . .      Spirit   .   h - +0 ring mail {rN+}
rPois   .          Reflect  .   (helmet restricted)
rElec   .          Harm     .   (no cloak)
rCorr   .          Rampage  .   (no gloves)
Will    ++...                   (no boots)
Stlth   ..........              (no amulet)
HPRegen 1.21/turn               k - +4 ring of protection
MPRegen 0.10/turn               g - +6 ring of strength

@: grasped by roots, strong-willed, on berserk cooldown, regenerating, slowed,
constricted, very slow
A: horns 2, retaliatory headbutt
a: Renounce Religion, Berserk, Trog's Hand


You were on level 4 of the Dungeon.
You worshipped Trog.
Trog was pleased with you.
You visited 1 branch of the dungeon, and saw 4 of its levels.

You collected 179 gold pieces.

Inventory:

Hand Weapons
 a - a +0 hand axe
 f - a +0 war axe (weapon)
Armour
 h - a +0 ring mail of positive energy (worn)
 j - an orb of mayhem
Jewellery
 b - a ring of positive energy
 g - a +6 ring of strength (right hand)
 k - a +4 ring of protection (left hand)
 l - a ring of flight
 q - a ring of see invisible
Scrolls
 c - a scroll of immolation {unknown}
 d - 5 scrolls of identify {unknown}
 o - 2 scrolls of brand weapon {unknown}
 p - 6 scrolls of teleportation {unknown}
 r - a scroll of enchant weapon {unknown}
 u - a scroll of magic mapping {unknown}
Potions
 e - a potion of attraction {unknown}
 i - 2 potions of curing {unknown}
 m - a potion of mutation {unknown}
 n - a potion of resistance {unknown}
 s - 2 potions of heal wounds {unknown}
 t - 2 potions of lignification {unknown}


   Skills:
 * Level 7.3 Fighting
 * Level 7.3 Axes
 - Level 2.4 Armour
 - Level 2.1 Dodging


You had 6 spell levels left.
You didn't know any spells.
Your spell library was empty.

Dungeon Overview and Level Annotations

Branches:
Dungeon (4/15)
 Temple: D:4-7

Altars:
Hepliaklqana
Vehumet
Yredelemnul

Annotations:
D:4 Dowan


Innate Abilities, Weirdness & Mutations

You have a pair of horns on your head.
You reflexively headbutt those who attack you in melee.


Message History

Dowan hits you with a +0 dagger.
You closely miss Dowan. Your headbutt misses Dowan.
Dowan is almost dead.
You are no longer berserk.
You are exhausted.
You feel yourself slow down.
Dowan mumbles some strange words.
Dowan blinks!
Things that are here:
a +0 short sword; a +2 leather armour of fire resistance Dowan zaps a wand.
The roots erupt in riotous growth!
The grasping roots grab you!
Dowan is unaffected.
The grasping roots constrict you. Dowan hits you with a +0 dagger.
The grasping roots constrict you.
Dowan gestures wildly while chanting.
Dowan blinks!
The grasping roots constrict you.
You barely miss Dowan. Your headbutt misses Dowan.
Dowan is almost dead.
Dowan hits you with a +0 dagger. The grasping roots constrict you.
Dowan gestures at you while chanting. The shard of ice misses you.
The grasping roots constrict you.
The grasping roots release their grip on you.
You barely miss Dowan.
Dowan is almost dead.
Dowan hits you with a +0 dagger. Dowan casts a spell at you.
The shard of ice hits you!!
* * * LOW HITPOINT WARNING * * *
Your skin crawls.
You feel strong-willed.
Dowan zaps a wand.
The roots erupt in riotous growth!
The grasping roots grab you!
Dowan is unaffected.
The grasping roots constrict you.
* * * LOW HITPOINT WARNING * * *
Dowan says, "How can I live without her?"
Dowan hits you but does no damage. The grasping roots constrict you.
* * * LOW HITPOINT WARNING * * *
Dowan points at you and mumbles some strange words.
The shard of ice hits you!!
You die...

####### #...†.# ##.###'##
#..##.)e## ##.##~.@.~#
#...#~...~# #.###~...~#
##########.# #~...~#
.........#.# #≈._.~#
########.#.# ##...##
#######.#.# ################
#.....#.#.# #.# #..........#
##.....#.#.###.###.########.##


You could see Dowan (fast).

Vanquished Creatures
  The ghost of lotum the Trooper, an amateur DsBe of Trog (D:3)
  A water moccasin (D:3)
  Duvessa (D:4)
  A water moccasin zombie (D:4)
  2 scorpion zombies (D:4)
  2 adders (D:3)
  A white imp (D:4)
  2 worms
  5 dart slugs
  4 orcs
  10 endoplasms
  2 giant cockroaches
  7 goblins
  6 hobgoblins
  3 jackals (D:4)
  5 ball pythons
  6 bats
  3 kobolds
  A quokka zombie (D:4)
  A rat (D:1)
  A spectral orc (D:4)
65 creatures vanquished.

Notes
Turn   | Place    | Note
-------+----------+-------------------------------------------
     0 | D:1      | whiskeysaurus the Minotaur Berserker began the quest for
                  | the Orb.
     0 | D:1      | Reached XP level 1. HP: 19/19 MP: 0/0
   265 | D:1      | Reached XP level 2. HP: 27/27 MP: 1/1
   707 | D:2      | Found a faded altar of an unknown god.
   798 | D:2      | Reached XP level 3. HP: 34/34 MP: 2/2
  1423 | D:3      | Reached ** piety under Trog
  1446 | D:3      | Found a radiant altar of Vehumet.
  1469 | D:3      | Noticed lotum's ghost (amateur DsBe)
  1479 | D:3      | Found a runed translucent door.
  1508 | D:3      | Killed lotum's ghost
  1509 | D:3      | Reached skill level 5 in Fighting
  1509 | D:3      | Reached skill level 5 in Axes
  1509 | D:3      | Reached XP level 4. HP: 44/44 MP: 3/3
  1509 | D:3      | Reached XP level 5. HP: 50/50 MP: 4/4
  2068 | D:3      | Noticed a water moccasin
  2079 | D:3      | Killed a water moccasin
  2080 | D:3      | Reached XP level 6. HP: 58/58 MP: 5/5
  3106 | D:4      | Found a basalt altar of Yredelemnul.
  3384 | D:4      | Found a hazy altar of Hepliaklqana.
  3384 | D:4      | Noticed Duvessa
  3384 | D:4      | Noticed Dowan
  3393 | D:4      | Killed Duvessa
  3394 | D:4      | Reached XP level 7. HP: 66/66 MP: 6/6
  3405 | D:4      | Killed from afar by Dowan

Illustrated notes

Levels and vault maps discovered:
D:1:      dpeg_arrival_ternary, layout_basic
D:2:      layout_basic, hellmonk_ecumenical_altar_pennies_from_heaven
D:3:      layout_loops_corners, lemuel_crystal_altar,
          hellmonk_ghost_happy_afterlife, minivault_4, columned_hall_lemuel
D:4:      layout_loops_ring, nicolae_hepliaklqana_monster_ancestors,
          nicolae_yredelemnul_corpse_copse, hangedman_decor_clover_reticule,
          grunt_ministairs_9, uniq_duvessa

Skill      XL: |  1  2  3  4  5  6 |
---------------+-------------------+-----
Fighting       | 4 5 6 7 |  7.3
Axes           | 4 5 6 7 |  7.3
Armour         | |  2.4
Dodging        | |  2.1

Action                   |  1- 3 |  4- 6 |  7- 9 || total
-------------------------+-------+-------+-------++-------
Melee: Hand axe          |    35 |       |       ||    35
       Headbutt          |    13 |     6 |     1 ||    20
       War axe           |    33 |    82 |     6 ||   121
Invok: Berserk           |     1 |     3 |       ||     4
       Trog's Hand       |       |       |     1 ||     1
  Use: Scroll            |       |     1 |       ||     1
 Stab: Sleeping          |     1 |       |       ||     1
Armor: Animal skin       |     5 |       |       ||     5
       Leather armour    |     4 |       |       ||     4
       Ring mail         |    11 |    29 |     2 ||    42
Dodge: Dodged            |    40 |    36 |     2 ||    78
